 Dungeon Crawl Stone Soup version 0.28-a0-1365-g7e0445c96d (webtiles) character file.

Game seed: 4931314597755602885

1431 Conn the Sneak (level 8, -4/51 HPs)
             Began as an Octopode Fire Elementalist on Dec 31, 2021.
             Was a Follower of Sif Muna.
             Hit by a boomerang thrown by an orc warrior (9 damage)
             ... on level 6 of the Dungeon.
             The game lasted 00:12:27 (6886 turns).

Conn the Sneak (Octopode Fire Elementalist)         Turns: 6886, Time: 00:12:27

Health: -4/51      AC:  1    Str:  7    XL:     8   Next: 73%
Magic:  2/15       EV: 13    Int: 20    God:    Sif Muna [*.....]
Gold:   242        SH:  0    Dex: 12    Spells: 4/17 levels left

rFire   . . .      SeeInvis .   p - +2 short sword (vamp)
rCold   . . .      Faith    .   (no shield)
rNeg    . . .      Spirit   .   (helmet restricted)
rPois   +          Reflect  .   (no amulet)
rElec   .          Harm     .   s - ring of poison resistance
rCorr   .          Rampage  .   (no ring)
Will    .....                   (no ring)
Stlth   ++++......              (no ring)
HPRegen 0.17/turn               (no ring)
MPRegen 0.14/turn               (no ring)
                                (no ring)
                                (no ring)

@: no status effects
A: almost no armour, amphibious, 8 rings, camouflage 1, gelatinous body 1,
(nimble swimmer 1), tentacles
a: Renounce Religion, Channel Magic


You were on level 6 of the Dungeon.
You worshipped Sif Muna.
Sif Muna was aware of your devotion.
You visited 2 branches of the dungeon, and saw 7 of its levels.

You collected 242 gold pieces.

Inventory:

Hand Weapons
 c - a +0 dagger
 m - a +0 vampiric dagger
 p - a +2 vampiric short sword (weapon)
Jewellery
 s - a ring of poison resistance (left tentacle)
Wands
 u - a wand of paralysis (4)
Scrolls
 b - 4 scrolls of identify
 f - a scroll of teleportation
 k - a scroll of vulnerability {unknown}
 n - a scroll of enchant armour {unknown}
 t - 2 scrolls of noise
Potions
 a - a potion of brilliance {unknown}
 d - 2 potions of berserk rage {unknown}
 e - a potion of cancellation {unknown}
 h - a potion of resistance {unknown}
 i - 2 potions of mutation {unknown}
 l - 3 potions of curing {unknown}
 o - a potion of ambrosia {unknown}
 q - 2 potions of attraction {unknown}
 r - a potion of heal wounds {unknown}
 v - a potion of haste {unknown}


   Skills:
 + Level 2.6 Fighting
 + Level 2.9 Short Blades
 + Level 3.2 Dodging
 + Level 6.6 Stealth
 + Level 5.2 Spellcasting
 + Level 4.2 Conjurations
 + Level 5.2 Fire Magic


You had 4 spell levels left.
You knew the following spells:

 Your Spells              Type           Power      Damage    Failure   Level
a - Foxfire               Conj/Fire      96%        2x1d8     1%          1
b - Conjure Flame         Conj/Fire      24%        6-21      4%          3
c - Inner Flame           Hex/Fire       15%        N/A       12%         3
d - Flame Wave            Conj/Fire      24%        2d6       16%         4
e - Scorch                Fire           52%        2d7       1%          2

Your spell library contained the following spells:

 Spells                   Type           Power      Damage    Failure   Level
 Pain                     Necr           20%        1d5       12%         1
 Sublimation of Blood     Necr           5%         N/A       17%         2
 Petrify                  Tmut/Erth      5%         N/A       75%         4
 Irradiate                Conj/Tmut      6%         3d16      80%         5
 Agony                    Necr           5%         N/A       97%         5
 Excruciating Wounds      Necr           2%         N/A       97%         5


Dungeon Overview and Level Annotations

Branches:
Dungeon (6/15)             Temple (1/1) D:4

Altars:
Ashenzari
Cheibriados
Elyvilon
Fedhas
Gozag
Hepliaklqana
Kikubaaqudgha
Okawaru
Qazlal
Ru
Sif Muna
Trog
Uskayaw
Vehumet
Wu Jian
Yredelemnul
The Shining One

Shops:
D:3 *


Innate Abilities, Weirdness & Mutations

You cannot wear most types of armour.
You are amphibious.
You can wear up to eight rings at the same time.
Your skin changes colour to match your surroundings (Stealth+).
Your rubbery body absorbs attacks. (AC +1, EV +1)
((You are camouflaged when in or above water. (Stealth+)))
You have tentacles for arms and can constrict up to eight enemies at once.


Message History

Unknown command.
Unknown command.
Unknown command.
As you read the scroll labelled RIUFULOEBB, it crumbles to dust.
The creatures around you are filled with an inner flame!
It was a scroll of immolation.
The hound misses you. The orc priest barely misses you. The hound misses you.
Blink to where?
Press: ? - help, Dir - move target, p - hound
As you read the scroll labelled VAN DOZXEPTOCK, it crumbles to dust.
It was a scroll of blinking.
Aiming: Paralyse
Press: ? - help, Shift-Dir - straight line, f - orc priest
Aim: an orc priest, wielding a +0 morningstar and wearing a +0 chain mail (inner flame, chance to affect: 49%)
The orc priest resists with some effort.
Aiming: Paralyse
Press: ? - help, Shift-Dir - straight line, f/p - orc priest
Aim: an orc priest, wielding a +0 morningstar and wearing a +0 chain mail (inner flame, chance to affect: 49%)
The orc priest suddenly stops moving!
Unknown command.
Casting: Foxfire (safe; 1% risk of failure)
Confirm with . or Enter, or press ? or * to list all spells.
Okay, then.
Casting: Foxfire (safe; 1% risk of failure)
Confirm with . or Enter, or press ? or * to list all spells.
You conjure some foxfire!
The foxfire hits the hound.
Sif Muna accepts your kill.
The hound explodes!
The fiery explosion engulfs the orc!!!
Sif Muna accepts your kill.
The orc explodes!
Unknown command.
Unknown command.
The foxfire hits the orc warrior.
Flame seeps out of the orc warrior.
The orc warrior is lightly wounded.
The orc warrior is engulfed in blazing flames.
Flame seeps out of the orc warrior.
The orc warrior throws a boomerang.
The boomerang hits you!
You die...

#...........)#
#oo....†.$...#
#§§§o........#
#§)§.........#
#§§§.........# #####
#§...........# #....
#§...........# #....
#§.$.........# #....
#..@.........# #....
#............###....
#####...............
#...............
...............
............###
............#
#######.##### #.#


You could see an orc warrior (inner flame), an orc priest (inner flame,
paralysed) and an orc (inner flame).

Vanquished Creatures
  A water moccasin (D:6)
  2 centaurs (D:6)
  A phantom (D:4)
  Blork the orc (D:4)
  A bullfrog (D:6)
  2 scorpions (D:6)
  2 water moccasin skeletons
  A wight (D:6)
  A howler monkey (D:5)
  A centaur zombie (D:5)
  4 jellies
  6 hounds
  2 orc priests
  A centaur skeleton (D:6)
  A bullfrog skeleton (D:6)
  A scorpion zombie (D:5)
  2 iguanas
  7 adders
  2 worms
  2 dart slugs
  10 orcs
  9 ball pythons
  5 endoplasms
  3 giant cockroaches
  8 goblins
  4 hobgoblins
  3 jackals (D:5)
  6 kobolds
  A quokka (D:4)
  3 bats
  3 frilled lizards
  An orc zombie (D:5)
  3 rats
100 creatures vanquished.

Vanquished Creatures (others)
  379 foxfires
379 creatures vanquished.

Grand Total: 479 creatures vanquished

Notes
Turn   | Place    | Note
-------+----------+-------------------------------------------
     0 | D:1      | Conn the Octopode Fire Elementalist began the quest for the
                  | Orb.
     0 | D:1      | Reached XP level 1. HP: 11/11 MP: 3/3
   223 | D:1      | Found a faded altar of an unknown god.
   367 | D:1      | Reached skill level 3 in Stealth
   367 | D:1      | Reached XP level 2. HP: 15/17 MP: 0/5
  1283 | D:2      | Reached XP level 3. HP: 16/21 MP: 0/6
  2098 | D:3      | Found Ijusic's Assorted Antiques.
  2233 | D:3      | Reached skill level 4 in Stealth
  2343 | D:3      | Reached XP level 4. HP: 27/27 MP: 7/7
  2941 | D:4      | Noticed a phantom
  2959 | D:4      | HP: 1/27 [phantom (8)]
  2962 | D:4      | Killed a phantom
  2963 | D:4      | Reached skill level 5 in Stealth
  2963 | D:4      | Reached XP level 5. HP: 1/32 MP: 0/9
  3420 | D:4      | Noticed Blork the orc
  3432 | D:4      | Killed Blork the orc
  3433 | D:4      | Reached XP level 6. HP: 20/37 MP: 1/10
  3764 | D:4      | Reached skill level 1 in Fighting
  4173 | D:4      | Found a staircase to the Ecumenical Temple.
  4180 | Temple   | Entered the Ecumenical Temple
  4265 | Temple   | Became a worshipper of Sif Muna the Loreminder
  4496 | D:5      | Entered Level 5 of the Dungeon
  4534 | D:5      | Reached skill level 1 in Short Blades
  4819 | D:6      | Noticed a water moccasin
  4831 | D:6      | Killed a water moccasin
  4832 | D:6      | Reached XP level 7. HP: 33/43 MP: 1/12
  5223 | D:6      | Reached skill level 6 in Stealth
  5476 | D:6      | Reached XP level 8. HP: 47/50 MP: 7/14
  6211 | D:5      | Reached skill level 5 in Fire Magic
  6527 | D:5      | Learned a level 3 spell: Conjure Flame
  6531 | D:5      | Learned a level 3 spell: Inner Flame
  6536 | D:5      | Learned a level 4 spell: Flame Wave
  6539 | D:5      | Learned a level 2 spell: Scorch
  6803 | D:6      | Reached * piety under Sif Muna
  6857 | D:6      | Reached skill level 5 in Spellcasting
  6886 | D:6      | Hit by a boomerang thrown by an orc warrior

Illustrated notes

Levels and vault maps discovered:
D:1:      sevenhm_arrival_forest_fort_large_2, layout_basic,
          hellmonk_ecumenical_altar_inner_sanctum
D:2:      layout_basic
D:3:      layout_loops_ring, serial_shops, nicolae_shop_stone,
          nicolae_figureground_pulse
D:4:      layout_cave_pools, minmay_temple_entry_fiery, uniq_blork_the_orc
D:5:      layout_rooms, enter_ossuary_3, minmay_statues_item
D:6:      wad_river_or_something, layout_basic
Temple:   minmay_crystal_spiral_temple

Skill      XL: |  1  2  3  4  5  6  7  8 |
---------------+-------------------------+-----
Stealth        | 3 4 5 6 |  6.6
Conjurations   | 2 3 4 |  4.2
Spellcasting   | 3 4 5 |  5.2
Fighting       | 1 2 |  2.6
Fire Magic     | 4 5 |  5.2
Short Blades   | 1 2 |  2.9
Dodging        | 3 |  3.2

Action                   |  1- 3 |  4- 6 |  7- 9 || total
-------------------------+-------+-------+-------++-------
Melee: Unarmed           |     2 |       |       ||     2
       Constrict         |     5 |     6 |     8 ||    19
       Tentacles         |     3 |     7 |     8 ||    18
       Dagger            |    23 |     7 |       ||    30
       Short sword       |       |    26 |    38 ||    64
 Cast: Foxfire           |    43 |    71 |   114 ||   228
Evoke: Wand              |       |       |     2 ||     2
  Use: Scroll            |       |       |     4 ||     4
 Stab: Sleeping          |    10 |     4 |     3 ||    17
       Distracted        |     1 |       |       ||     1
Armor: Skin              |     1 |     1 |     4 ||     6
Dodge: Dodged            |    21 |    23 |    54 ||    98

Table legend: (Time is in decaauts)
 A = Elapsed time spent in this place.
 B = Non-inter-level travel time spent in this place.
 C = Inter-level travel time spent in this place.
 D = Time resting spent in this place.
 E = Time spent auto-exploring this place.
 F = Levels seen in this place.
 G = Mean time per level.
                   A        B        C        D        E       F      G
               +--------+--------+--------+--------+--------+-----+--------+
         Total |   6885 |   6631 |    254 |      0 |   5355 |   7 |  983.6 |
       Dungeon |   6718 |   6545 |    173 |      0 |   5355 |   6 | 1119.7 |
        Temple |    166 |     85 |     81 |      0 |      0 |   1 |  166.0 |
               +--------+--------+--------+--------+--------+-----+--------+

Top non-repeatable levels by time:
     D:4: 1460 daAuts
     D:6: 1303 daAuts
     D:3: 1197 daAuts
     D:5: 1086 daAuts
     D:1: 983 daAuts
     D:2: 687 daAuts
  Temple: 166 daAuts
